 Dungeon Crawl Stone Soup version 0.30-a0-165-g1891117ce2 (webtiles) character file.

Game seed: 2530316195043582987

208 qw the Chopper (level 5, -1/32 HPs)
             Began as a Gargoyle Fighter on Sept 28, 2022.
             Was an Initiate of Okawaru.
             Slain by Pikel
             ... wielding a +2 whip of freezing
              (3 damage)
             ... on level 4 of the Dungeon.
             The game lasted 00:01:19 (3443 turns).

qw the Chopper (Gargoyle Fighter)                   Turns: 3443, Time: 00:01:20

Health: -1/32      AC: 16    Str: 20 (22) XL:     5   Next: 86%
Magic:  5/5        EV:  7    Int:  5 (8)  God:    Okawaru [......]
Gold:   204        SH:  4    Dex:  7 (9)  Spells: 4/4 levels left

rFire   . . .      SeeInvis .    Y - +1 war axe
rCold   . . .      Faith    .    c - +0 buckler
rNeg    + . .      Spirit   .    h - +0 chain mail
rPois   inf        Reflect  .    (no helmet)
rElec   +          Harm     .    (no cloak)
rCorr   .          Rampage  .    m - +2 pair of gloves
Will    .....                    (no boots)
Stlth   ..........               (no amulet)
HPRegen 0.10/turn                (no ring)
MPRegen 0.09/turn                (no ring)

@: about to teleport
A: sickness immunity, AC +4, negative energy resistance 1, electricity
resistance, torment resistance 1, petrification resistance
a: Renounce Religion


You were on level 4 of the Dungeon.
You worshipped Okawaru.
Okawaru was noncommittal.
You visited 2 branches of the dungeon, and saw 5 of its levels.

You collected 204 gold pieces.


Innate Abilities, Weirdness & Mutations

You are immune to sickness and miasma.
Your stone body is resilient. (AC +4)
You are immune to poison.
You resist negative energy. (rN+)
You are resistant to electric shocks. (rElec)
You are resistant to unholy torment.
You are immune to petrification.


   Skills:
 + Level 3.6 Fighting
 - Level 5.2 Axes
 - Level 3.2 Armour
 - Level 3.2 Shields


You had 4 spell levels left.
You didn't know any spells.
Your spell library was empty.

Inventory:

Hand Weapons
 b - a +0 war axe of holy wrath
 f - a +0 mace of protection
 Y - a +1 war axe (weapon)
Missiles
 k - 7 boomerangs (quivered)
Armour
 c - a +0 buckler (worn)
 h - a +0 chain mail (worn)
 m - a +2 pair of gloves (worn)
Scrolls
 a - a scroll of identify
Potions
 d - a potion of might
 j - a potion of attraction
 o - 2 potions of mutation

Dungeon Overview and Level Annotations

Branches:
Dungeon (4/15)             Temple (1/1) D:4

Altars:
Cheibriados
Dithmenos
Elyvilon
Fedhas
Gozag
Hepliaklqana
Nemelex Xobeh
Okawaru
Qazlal
Sif Muna
Trog
Uskayaw
Vehumet
Wu Jian
Yredelemnul
Zin
The Shining One

Annotations:
D:4 Pikel


Message History

Pikel hits you with a +2 whip of freezing.
Pikel freezes you.
You hit Pikel.
Pikel is heavily wounded.
Pikel closely misses you.
You completely miss Pikel.
Pikel is heavily wounded.
Pikel hits you but does no damage. Pikel closely misses you.
You hit Pikel but do no damage.
Pikel is heavily wounded.
An endoplasm comes into view.
Pikel hits you but does no damage.
You barely miss Pikel.
Pikel is heavily wounded.
The endoplasm quivers.
Pikel completely misses you.
You slash Pikel!
Pikel is severely wounded.
Pikel barely misses you.
You closely miss Pikel.
Pikel is severely wounded.
You block Pikel's attack. Pikel closely misses you.
You barely miss Pikel.
Pikel is severely wounded.
Pikel hits you but does no damage.
You hit Pikel.
Pikel is severely wounded.
Pikel hits you with a +2 whip of freezing.
Pikel freezes you.
You hit Pikel.
Pikel is severely wounded.
Pikel hits you but does no damage.
Pikel hits you with a +2 whip of freezing.
Pikel freezes you.
3443 ||| READING scroll of teleportation.
As you read the scroll of teleportation, it crumbles to dust.
You feel strangely unstable.
Pikel hits you with a +2 whip of freezing.
Pikel freezes you.
You die...

##### #...#
###...#
#.+...#######5#.#.
#.#.......@Kg5J..)
#.#....######5###.
######.#....#
#.........###
##.###...#.#
....../.#..+
#....####.##
....## ..#
.#...##...#


You could see Pikel, 3 lemures, an endoplasm and a goblin.

Vanquished Creatures
  A lemure (D:4)
  3 orc priests (D:3)
  Terence (D:2)
  An adder (D:2)
  A worm (D:2)
  A dart slug (D:2)
  8 orcs
  7 bats
  3 endoplasms
  A giant cockroach (D:1)
  6 goblins
  5 hobgoblins
  12 jackals
  3 quokkas
  5 ball pythons
  4 frilled lizards
  3 kobolds
  4 rats
69 creatures vanquished.

Notes
Turn   | Place    | Note
-------+----------+-------------------------------------------
     0 | D:1      | qw the Gargoyle Fighter began the quest for the Orb.
     0 | D:1      | Reached XP level 1. HP: 14/14 MP: 1/1
     0 | D:1      | 0 ||| qw: Version: 0.2-a-12-gaebbb33
     0 | D:1      | 0 ||| qw: Game counter: 739
     0 | D:1      | 0 ||| qw: Always use a shield: true
     0 | D:1      | 0 ||| qw: God list: Okawaru
     0 | D:1      | 0 ||| qw: Allow faded altars: false
     0 | D:1      | 0 ||| qw: Do Orc after D:15 true
     0 | D:1      | 0 ||| qw: Do second Lair branch before Depths: true
     0 | D:1      | 0 ||| qw: Lair rune preference: random
     0 | D:1      | 0 ||| qw: Plans: Normal, Zot:1-4, God:TSO, Crypt, Tomb,
                  | Pan, Slime:5, Hells, Abyss, Orb
     0 | D:1      | 0 ||| PLANNING D:1-11
    63 | D:1      | Reached skill level 2 in Axes
    95 | D:1      | 95 ||| DROPPING +0 hand axe of electrocution.
   113 | D:1      | 113 ||| Stepping ~*~*~tactically~*~*~ (stealth).
   117 | D:1      | 117 ||| Stepping ~*~*~tactically~*~*~ (stealth).
   124 | D:1      | 124 ||| Stepping ~*~*~tactically~*~*~ (stealth).
   126 | D:1      | 126 ||| Stepping ~*~*~tactically~*~*~ (stealth).
   128 | D:1      | 128 ||| Stepping ~*~*~tactically~*~*~ (stealth).
   133 | D:1      | 133 ||| Stepping ~*~*~tactically~*~*~ (stealth).
   134 | D:1      | 134 ||| Stepping ~*~*~tactically~*~*~ (stealth).
   147 | D:1      | Reached XP level 2. HP: 19/19 MP: 2/2
   198 | D:1      | 198 ||| Stepping ~*~*~tactically~*~*~ (stealth).
   218 | D:1      | 218 ||| Stepping ~*~*~tactically~*~*~ (stealth).
   219 | D:1      | 219 ||| Stepping ~*~*~tactically~*~*~ (stealth).
   221 | D:1      | 221 ||| Stepping ~*~*~tactically~*~*~ (stealth).
   294 | D:1      | 294 ||| DROPPING +0 club.
   478 | D:1      | 478 ||| Stepping ~*~*~tactically~*~*~ (stealth).
   489 | D:1      | 489 ||| Stepping ~*~*~tactically~*~*~ (stealth).
   733 | D:1      | Reached skill level 3 in Axes
   855 | D:1      | Reached XP level 3. HP: 23/23 MP: 3/3
   889 | D:1      | 889 ||| Stepping ~*~*~tactically~*~*~ (stealth).
   988 | D:1      | 988 ||| UPGRADING to +0 chain mail.
   998 | D:1      | 998 ||| DROPPING +0 scale mail.
   999 | D:1      | 999 ||| READING 2 scrolls labelled LOCSIKUULI.
  1059 | D:2      | Noticed an eye of devastation
  1062 | D:2      | Noticed a shining eye
  1064 | D:2      | Found a faded altar of an unknown god.
  1066 | D:2      | Noticed a great orb of eyes
  1066 | D:2      | Noticed an eye of devastation
  1079 | D:2      | 1079 ||| DROPPING +0 whip.
  1294 | D:2      | 1294 ||| Stepping ~*~*~tactically~*~*~ (stealth).
  1452 | D:2      | Noticed Terence
  1459 | D:2      | Killed Terence
  1460 | D:2      | Reached XP level 4. HP: 21/28 MP: 4/4
  1797 | D:2      | 1797 ||| READING scroll labelled WUTY ZOMAPIT.
  1798 | D:2      | 1798 ||| READING scroll labelled RULAOF COLIPU.
  1802 | D:2      | 1802 ||| READING scroll labelled CIOLOCR NYITS.
  1803 | D:2      | 1803 ||| READING 2 scrolls of identify.
  1803 | D:2      | 1803 ||| IDENTIFYING murky ruby potion
  1804 | D:2      | 1804 ||| DROPPING potion of magic.
  1825 | D:3      | 1825 ||| STAIRDANCE
  1829 | D:2      | Reached skill level 4 in Axes
  2043 | D:3      | 2043 ||| Stepping ~*~*~tactically~*~*~ (hiding).
  2045 | D:3      | 2045 ||| Stepping ~*~*~tactically~*~*~ (stealth).
  2048 | D:3      | 2048 ||| Stepping ~*~*~tactically~*~*~ (stealth).
  2056 | D:3      | HP: 7/28 [orc/+0 short sword (1)]
  2057 | D:3      | Reached XP level 5. HP: 8/32 MP: 5/5
  2135 | D:3      | 2135 ||| Stepping ~*~*~tactically~*~*~ (stealth).
  2136 | D:3      | 2136 ||| Stepping ~*~*~tactically~*~*~ (stealth).
  2137 | D:3      | 2137 ||| Stepping ~*~*~tactically~*~*~ (stealth).
  2139 | D:3      | 2139 ||| Stepping ~*~*~tactically~*~*~ (stealth).
  2140 | D:3      | 2140 ||| Stepping ~*~*~tactically~*~*~ (stealth).
  2231 | D:3      | 2231 ||| Stepping ~*~*~tactically~*~*~ (stealth).
  2232 | D:3      | 2232 ||| Stepping ~*~*~tactically~*~*~ (stealth).
  2263 | D:3      | 2263 ||| Stepping ~*~*~tactically~*~*~ (stealth).
  2294 | D:3      | 2294 ||| DROPPING +2 whip of freezing.
  2660 | D:3      | Reached skill level 5 in Axes
  2680 | D:3      | 2680 ||| FLEEEEING.
  2681 | D:3      | 2681 ||| FLEEEEING.
  2690 | D:3      | 2690 ||| FLEEEEING.
  2692 | D:3      | 2692 ||| FLEEEEING.
  2693 | D:3      | 2693 ||| FLEEEEING.
  2694 | D:3      | 2694 ||| FLEEEEING.
  2695 | D:3      | 2695 ||| FLEEEEING.
  2696 | D:3      | 2696 ||| FLEEEEING.
  2706 | D:3      | 2706 ||| Stepping ~*~*~tactically~*~*~ (stealth).
  2712 | D:3      | 2712 ||| Stepping ~*~*~tactically~*~*~ (stealth).
  2715 | D:3      | 2715 ||| Stepping ~*~*~tactically~*~*~ (stealth).
  2717 | D:3      | 2717 ||| Stepping ~*~*~tactically~*~*~ (stealth).
  2846 | D:3      | 2846 ||| UPGRADING to +2 pair of gloves.
  2851 | D:3      | 2851 ||| READING 2 scrolls labelled PIBUOCO SIAMA.
  2852 | D:3      | 2852 ||| READING scroll labelled TYRULI LURELE.
  2853 | D:3      | 2853 ||| DRINKING 2 sapphire potions.
  2854 | D:3      | 2854 ||| READING 4 scrolls of identify.
  2854 | D:3      | 2854 ||| IDENTIFYING viscous clear potion
  2855 | D:3      | 2855 ||| READING 3 scrolls of identify.
  2855 | D:3      | 2855 ||| IDENTIFYING murky dark potion
  2856 | D:3      | 2856 ||| READING 2 scrolls of identify.
  2856 | D:3      | 2856 ||| IDENTIFYING green potion
  2857 | D:3      | 2857 ||| DROPPING scroll of fog.
  2858 | D:3      | 2858 ||| DROPPING potion of degeneration.
  2859 | D:3      | 2859 ||| DROPPING potion of flight.
  2881 | D:4      | 2881 ||| STAIRDANCE
  2902 | D:3      | 2902 ||| FLEEEEING.
  2903 | D:3      | 2903 ||| FLEEEEING.
  2904 | D:3      | 2904 ||| FLEEEEING.
  3004 | D:4      | Found a staircase to the Ecumenical Temple.
  3004 | D:4      | Noticed a lemure
  3005 | D:4      | 3005 ||| PLANNING TEMPLE
  3005 | D:4      | 3005 ||| FLEEEEING.
  3006 | D:4      | 3006 ||| FLEEEEING.
  3007 | D:4      | 3007 ||| FLEEEEING.
  3010 | D:4      | 3010 ||| FLEEEEING.
  3011 | D:4      | 3011 ||| FLEEEEING.
  3012 | D:4      | 3012 ||| FLEEEEING.
  3013 | D:4      | 3013 ||| FLEEEEING.
  3014 | D:4      | 3014 ||| FLEEEEING.
  3015 | D:4      | 3015 ||| FLEEEEING.
  3016 | D:4      | 3016 ||| FLEEEEING.
  3017 | D:4      | 3017 ||| FLEEEEING.
  3018 | D:4      | 3018 ||| FLEEEEING.
  3019 | D:4      | 3019 ||| STAIRDANCE
  3021 | D:3      | 3021 ||| READING scroll labelled RIADGH ONKU.
  3029 | D:4      | Killed a lemure
  3030 | D:4      | 3030 ||| STAIRDANCE
  3189 | Temple   | Entered the Ecumenical Temple
  3269 | Temple   | 3269 ||| PLANNING OKAWARU WORSHIP
  3343 | Temple   | Became a worshipper of Warmaster Okawaru
  3344 | Temple   | 3344 ||| PLANNING D:1-11
  3425 | D:4      | Noticed Pikel
  3425 | D:4      | Noticed a lemure
  3425 | D:4      | Noticed a lemure
  3427 | D:4      | Noticed a lemure
  3442 | D:4      | HP: 8/32 [Pikel/+2 whip of freezing (3)]
  3443 | D:4      | 3443 ||| READING scroll of teleportation.
  3443 | D:4      | HP: 2/32 [Pikel/+2 whip of freezing (6)]
  3443 | D:4      | Slain by Pikel

Levels and vault maps discovered:
D:1:      roderic_octagonal_star, layout_basic, minmay_misc_feat_rows,
          chequers_serial_rivers_small_b
D:2:      layout_loops_ring, hellmonk_ecumenical_altar_watching_god,
          st_stairs_13, uniq_terence
D:3:      cheibrodos_pilgrimage, layout_basic
D:4:      layout_basic, minmay_temple_entry_wispy, uniq_sigmund, uniq_pikel
Temple:   minmay_crystal_spiral_temple

Skill      XL: |  1  2  3  4  5 |
---------------+----------------+-----
Axes           | 2 3 4 5 |  5.2
Fighting       | |  3.6
Armour         | |  3.2
Shields        | |  3.2

Action                   |  1- 3 |  4- 6 || total
-------------------------+-------+-------++-------
Melee: War axe           |   116 |   111 ||   227
Throw: Boomerang         |       |    22 ||    22
  Use: Scroll            |     1 |    11 ||    12
       Potion            |       |     1 ||     1
Armor: Scale mail        |    41 |       ||    41
       Chain mail        |    27 |    85 ||   112
Dodge: Dodged            |    50 |    39 ||    89
Block: Buckler           |    18 |    19 ||    37

Table legend:
 A = Non-vault XP
 B = Vault XP
 C = Vault XP percentage of total XP
 D = Non-vault monster count
 E = Vault monster count
 F = Vault count percentage of total count
                 A         B        C        D         E       F
            +---------+---------+-------+---------+---------+-------
      Total |     163 |     135 |  45.3 |      59 |       9 |  13.2
            +---------+---------+-------+---------+---------+-------
        D:1 |      36 |       0 |   0.0 |      22 |       0 |   0.0
        D:2 |      32 |      34 |  51.5 |      10 |       2 |  16.7
        D:3 |      77 |     101 |  56.7 |      18 |       7 |  28.0
        D:4 |      18 |       0 |   0.0 |       9 |       0 |   0.0
            +---------+---------+-------+---------+---------+-------
